 Dungeon Crawl Stone Soup version 0.24.0-125-gc4c63601f3 (webtiles) character file.

Game seed: 4109850841514935337, levelgen mode: deterministic

746 nemuritori the Magician (level 7, 0/46 HPs)
             Began as a Mummy Necromancer on Mar 12, 2020.
             Was a Follower of Yredelemnul.
             Slain by an orc priest (2 damage)
             ... on level 5 of the Dungeon.
             The game lasted 01:01:18 (7050 turns).

nemuritori the Magician (Mummy Necromancer)         Turns: 7050, Time: 01:01:19

Health: 0/46       AC:  4    Str: 12    XL:     7   Next: 48%
Magic:  17/17      EV: 12    Int: 16    God:    Yredelemnul [*.....]
Gold:   254        SH:  0    Dex: 12    Spells: 11/20 levels left

rFire    . . .     SeeInvis .   l - staff of fire
rCold    + . .     Gourm    .   (no shield)
rNeg     + + +     Faith    .   a - +2 robe
rPois    ∞         Spirit   .   (no helmet)
rElec    .         Reflect  .   (no cloak)
rCorr    +         Harm     .   (no gloves)
MR       .....                  (no boots)
Stlth    ++........             e - amulet of magic regeneration
HPRegen  0.15/turn              j - ring of resist corrosion
MPRegen  0.40/turn              (no ring)

@: no status effects
A: no food or potions, fire vulnerability, cold resistance 1, negative energy
resistance 3, torment resistance, unbreathing
a: Animate Remains, Renounce Religion


You were on level 5 of the Dungeon.
You worshipped Yredelemnul.
Yredelemnul was aware of your devotion.
You were not hungry.

You visited 1 branch of the dungeon, and saw 5 of its levels.

You collected 254 gold pieces.

Inventory:

Hand Weapons
 p - a +1 quarterstaff
 t - a +0 whip
Armour
 a - a +2 robe (worn)
 c - a +0 robe
 k - a +0 robe
 n - a cursed +0 ring mail
 o - a +0 robe
 v - a +2 shield of reflection
Magical Staves
 l - an uncursed staff of fire (weapon)
Jewellery
 d - a cursed amulet of inaccuracy
 e - an amulet of magic regeneration (around neck)
 f - an uncursed ring of poison resistance
 g - an uncursed ring of flight
 h - an uncursed ring of resist corrosion
 i - an uncursed ring of poison resistance
 j - a ring of resist corrosion (left hand)
 m - an uncursed amulet of the acrobat {unknown}
 u - an uncursed ring of fire
 z - an uncursed amulet of regeneration {unknown}
Scrolls
 b - a scroll of random uselessness
 q - a scroll of enchant weapon
 r - a scroll of identify
 s - a scroll of teleportation
 w - a scroll of immolation
 x - a scroll of fog {unknown}
 y - a scroll of remove curse


   Skills:
 - Level 0.2 Fighting
 - Level 1.5 Dodging
 - Level 1.6 Stealth
 * Level 7.3 Spellcasting
 * Level 6.8 Necromancy
 * Level 1.8 Invocations


You had 11 spell levels left.
You knew the following spells:

 Your Spells              Type           Power        Failure   Level  Hunger
a - Pain                  Necr           ####         1%          1    N/A
b - Vampiric Draining     Necr           ####......   2%          3    N/A
c - Animate Skeleton      Necr           N/A          1%          1    N/A
d - Animate Dead          Necr           N/A          7%          4    N/A

Your spell library contained the following spells:

 Spells                   Type           Power        Failure   Level  Hunger
 Regeneration             Chrm/Necr      Unusable     N/A         3    N/A

Dungeon Overview and Level Annotations

Branches:
Dungeon (5/15)
 Temple: D:4-7

Altars:
Cheibriados
Elyvilon
Nemelex Xobeh
Wu Jian
Yredelemnul


Innate Abilities, Weirdness & Mutations

You do not eat or drink.
Your flesh is vulnerable to fire.
You are immune to poison.
Your flesh is cold resistant. (rC+)
You are immune to negative energy. (rN+++)
You are immune to unholy pain and torment.
You can survive without breathing.


Message History

The crimson imp barely misses you.
You're too confused to cast spells.
You bump into the rock wall.
The orc throws a stone.
The crimson imp barely misses you.
You hear some strange, mumbled words.
A puff of flame appears from out of thin air!
The puff of flame hits you.
* * * LOW HITPOINT WARNING * * *
You miss the crimson imp.
You feel less confused. The orc priest barely misses you.
The orc throws a stone.
The stone hits you but does no damage. The crimson imp closely misses you.
You hear some strange, mumbled words.
A magic dart appears from out of thin air!
The magic dart hits you.
* * * LOW HITPOINT WARNING * * *
You see here a stone.
The orc priest hits you.
You die...
Yredelemnul claims you as an undead slave.

#....(. #..)...
#########..(...
#..............
#.........#####
#.........#
#.o.......#
######((....)..#
#..@o5.....(...#
##.###(.......## #.
#(.......#### #.
#...........# #.
#...........## #.
..............#
###########......##
#...........#.
#...........#.


You could see an orc priest and a crimson imp.

Vanquished Creatures
  Eustachio (D:5)
  An ogre (D:5)
  3 orc priests (D:4)
  3 orc wizards
  An iguana (D:4)
  4 worker ants
  Robin (D:4)
  4 adders
  2 oozes
  3 worms
  5 leopard geckos
  10 orcs
  7 giant cockroaches
  2 gnoll zombies (D:3)
  9 goblins
  11 hobgoblins
  7 jackals
  4 quokkas
  2 ball pythons (D:1)
  7 bats
  2 frilled lizards
  7 kobolds
  A leopard gecko skeleton (D:4)
  8 rats
105 creatures vanquished.

Vanquished Creatures (collateral kills)
  A phantom (D:4)
  An adder (D:5)
  A worm (D:5)
3 creatures vanquished.

Grand Total: 108 creatures vanquished

Notes
Turn   | Place    | Note
-------+----------+-------------------------------------------
     0 | D:1      | nemuritori the Mummy Necromancer began the quest for the
                  | Orb.
     0 | D:1      | Reached XP level 1. HP: 13/13 MP: 4/4
   386 | D:1      | Reached skill level 3 in Spellcasting
   386 | D:1      | Reached XP level 2. HP: 19/19 MP: 1/6
  1506 | D:2      | Found an ornate altar of the Wu Jian Council.
  1567 | D:2      | Reached XP level 3. HP: 24/24 MP: 3/7
  1780 | D:2      | You fall into a shaft and drop 1 floor!
  2578 | D:2      | Found a sparkling altar of Nemelex Xobeh.
  2578 | D:2      | Found a transporter.
  2578 | D:2      | Noticed a black bear
  3083 | D:3      | Reached skill level 4 in Spellcasting
  3104 | D:3      | Reached XP level 4. HP: 24/30 MP: 5/10
  3311 | D:3      | Reached skill level 5 in Necromancy
  4184 | D:3      | Found a basalt altar of Yredelemnul.
  4192 | D:3      | Became a worshipper of Yredelemnul the Dark
  4296 | D:4      | Learned a level 3 spell: Vampiric Draining
  4298 | D:4      | Learned a level 1 spell: Animate Skeleton
  4318 | D:4      | Found a snail-covered altar of Cheibriados.
  4330 | D:4      | Noticed a phantom
  4633 | D:4      | Noticed Robin
  5287 | D:4      | Killed Robin
  5341 | D:4      | Reached XP level 5. HP: 31/35 MP: 0/12
  5407 | D:4      | Reached skill level 5 in Spellcasting
  5540 | D:4      | Reached * piety under Yredelemnul
  5570 | D:4      | Reached skill level 1 in Invocations
  5570 | D:4      | Reached XP level 6. HP: 23/41 MP: 9/14
  5781 | D:4      | Reached skill level 6 in Spellcasting
  6089 | D:5      | Entered Level 5 of the Dungeon
  6350 | D:5      | Found a white marble altar of Elyvilon.
  6377 | D:5      | Reached XP level 7. HP: 24/46 MP: 6/17
  6608 | D:5      | Noticed Eustachio
  6647 | D:5      | Killed Eustachio
  6647 | D:5      | Reached skill level 7 in Spellcasting
  6817 | D:5      | Learned a level 4 spell: Animate Dead
  7047 | D:5      | HP: 2/46 [something/magic dart (5)]
  7050 | D:5      | Slain by an orc priest

Levels and vault maps discovered:
D:1:      mrwooster_arrival_statue_2, layout_loops_cross
D:2:      layout_loops_corners, old_standard_altar, serial_park_tiny_pond,
          grunt_nemelex_the_gamble
D:3:      layout_loops_ring, lemuel_zombie_altar_yredelemnul,
          serial_bayou_ford_a
D:4:      layout_loops_ring, overflow_temple_1_default, first_ration, uniq_robin
D:5:      layout_basic, lightli_ossuary_entry_decrepit_ruins, basic_altar,
          uniq_eustachio

Skill      XL: |  1  2  3  4  5  6  7 |
---------------+----------------------+-----
Spellcasting   | 3 4 5 6 7 |  7.3
Necromancy     | 5 6 |  6.8
Invocations    | 1 |  1.8
Fighting       | |  0.2
Dodging        | |  1.5
Stealth        | |  1.6

Action                   |  1- 3 |  4- 6 |  7- 9 || total
-------------------------+-------+-------+-------++-------
Melee: Staff             |       |    79 |    11 ||    90
 Cast: Pain              |   117 |   107 |    44 ||   268
       Vampiric Draining |       |    20 |     4 ||    24
       Animate Skeleton  |       |     1 |     2 ||     3
       Animate Dead      |       |       |     4 ||     4
  Use: Scroll            |     9 |     5 |     1 ||    15
Armor: Robe              |    15 |    32 |     8 ||    55
Dodge: Dodged            |    31 |    95 |    44 ||   170
